 Dungeon Crawl Stone Soup version 0.28.0 (webtiles) character file.

Game seed: 1189288903609223879

165 belegose the Firebug (level 5, -5/28 HPs)
             Began as a Gargoyle Fire Elementalist on Feb 7, 2022.
             Slain by Sigmund (6 damage)
             ... on level 2 of the Dungeon.
             The game lasted 00:08:16 (3231 turns).

belegose the Firebug (Gargoyle Fire Elementalist)   Turns: 3231, Time: 00:08:16

Health: -5/28      AC:  7    Str: 13    XL:     5   Next: 46%
Magic:  9/9        EV: 12    Int: 16    God:
Gold:   135        SH:  0    Dex: 10    Spells: 9/10 levels left

rFire   . . .      SeeInvis .   s - +1 dagger (venom)
rCold   . . .      Faith    .   (no shield)
rNeg    + . .      Spirit   .   a - +0 robe
rPois   ∞          Reflect  .   (no helmet)
rElec   +          Harm     .   u - +0 cloak
rCorr   .          Rampage  .   (no gloves)
Will    .....                   (no boots)
Stlth   ++........              (no amulet)
HPRegen 0.09/turn               (no ring)
MPRegen 0.11/turn               (no ring)

@: no status effects
A: sickness immunity, AC +4, negative energy resistance 1, electricity
resistance, torment resistance 1, petrification resistance
a: no special abilities


You were on level 2 of the Dungeon.
You visited 1 branch of the dungeon, and saw 3 of its levels.

You collected 135 gold pieces.

Inventory:

Hand Weapons
 q - a +0 rapier
 s - a +1 dagger of venom (weapon)
 t - a +4 dagger
Missiles
 d - 37 stones
 h - 21 bolts
Armour
 a - a +0 robe (worn)
 g - a +0 ring mail
 u - a +0 cloak (worn)
Wands
 o - a wand of iceblast (3)
Scrolls
 b - a scroll of teleportation {unknown}
 c - a scroll of summoning {unknown}
 f - 2 scrolls of amnesia {unknown}
 n - 2 scrolls of identify {unknown}
 p - a scroll of enchant armour {unknown}
 r - a scroll of immolation {unknown}
Potions
 e - a potion of curing
 i - a potion of degeneration {unknown}
 j - 4 potions of lignification {unknown}
 k - a potion of magic {unknown}
 l - a potion of heal wounds {unknown}
 m - a potion of brilliance {unknown}


   Skills:
 - Level 1.6 Dodging
 - Level 2.3 Stealth
 + Level 3.2 Spellcasting
 + Level 3.2 Conjurations
 + Level 4.1 Fire Magic


You had 9 spell levels left.
You knew the following spells:

 Your Spells              Type           Power      Damage    Failure   Level
a - Foxfire               Conj/Fire      56%        2x1d6     4%          1

Your spell library contained the following spells:

 Spells                   Type           Power      Damage    Failure   Level
 Scorch                   Fire           32%        2d6       4%          2
 Conjure Flame            Conj/Fire      14%        6-21      12%         3
 Inner Flame              Hex/Fire       9%         N/A       24%         3
 Flame Wave               Conj/Fire      14%        2d6       36%         4


Dungeon Overview and Level Annotations

Branches:
Dungeon (3/15)

Altars:

Shops:
D:1 *   D:2 (

Annotations:
D:2 Sigmund


Innate Abilities, Weirdness & Mutations

You are immune to sickness and miasma.
Your stone body is resilient. (AC +4)
You are immune to poison.
You resist negative energy. (rN+)
You are resistant to electric shocks. (rElec)
You are resistant to unholy torment.
You are immune to petrification.


Message History

You climb upwards.
Level annotation: Sigmund Sigmund casts a spell.
Sigmund flickers and vanishes!
Deactivating autopickup; reactivate with Ctrl-A.
There is a stone staircase leading down here.
You completely miss the frilled lizard.
The frilled lizard bites you but does no damage.
You barely miss the frilled lizard. The frilled lizard barely misses you.
You closely miss the frilled lizard.
The frilled lizard completely misses you.
You hear some strange, mumbled words.
Something tries to affect you, but you resist.
You barely miss the frilled lizard. The frilled lizard misses you.
A puff of flame appears from out of thin air!
The puff of flame hits you!
You barely miss the frilled lizard.
The frilled lizard hisses.
The frilled lizard closely misses you.
You miss the frilled lizard.
The frilled lizard bites you but does no damage.
Something hits you but does no damage.
You closely miss the frilled lizard. Your punch misses the frilled lizard.
The frilled lizard barely misses you.
You hit the frilled lizard.
You kill the frilled lizard!
Something hits you.
You see here a frilled lizard corpse.
You hear some strange, mumbled words.
You are confused.
You're too confused to move!
A puff of flame appears from out of thin air!
The puff of flame hits you! Something hits you!
* * * LOW HITPOINT WARNING * * *
You bump into the rock wall.
You bump into the rock wall.
You feel less confused. Something hits you.
You die...

#.##..# #.....##..#......#
#.##..# #.....##..#......##
######.##..# ####.###...........
##...##.##..## .###.#.........
...#.........# ..............#
...#...#.###.# ..............#
.#####...# #.# ####.#..#.#...#
...#...#[###.#########.#........#
#..#.###.>†.....@........##.##..#
.... ####.##########..........#
....######..................###.#
....# #........###.########## #.#
#..#.##.##..##.# #.# ####.#
.###.#.##..##.###.##### #....#
#...#.............# #.####
#..<..#.#.###.###.# #.#
#.....#.#.###.# #.# #.#


There were no monsters in sight!

Vanquished Creatures
  A hound (D:3)
  Terence (D:3)
  An orc wizard (D:2)
  2 adders
  A dart slug (D:1)
  4 ball pythons
  6 bats
  4 endoplasms
  2 giant cockroaches
  8 goblins
  10 hobgoblins
  2 jackals (D:3)
  4 kobolds
  A quokka (D:3)
  5 frilled lizards
  9 rats
61 creatures vanquished.

Vanquished Creatures (others)
  24 foxfires
24 creatures vanquished.

Grand Total: 85 creatures vanquished

Notes
Turn   | Place    | Note
-------+----------+-------------------------------------------
     0 | D:1      | belegose the Gargoyle Fire Elementalist began the quest for
                  | the Orb.
     0 | D:1      | Reached XP level 1. HP: 10/10 MP: 3/3
   401 | D:1      | Reached XP level 2. HP: 15/15 MP: 5/5
   564 | D:1      | Found a faded altar of an unknown god.
   583 | D:1      | Found Loera's Assorted Antiques.
   976 | D:1      | Reached XP level 3. HP: 19/19 MP: 6/6
  1157 | D:2      | Found Pyun's Antique Weapon Boutique.
  1522 | D:2      | Noticed Sigmund
  1638 | D:3      | Noticed Terence
  1773 | D:3      | Reached XP level 4. HP: 11/24 MP: 6/8
  2257 | D:3      | Killed Terence
  2469 | D:3      | Reached skill level 4 in Fire Magic
  2469 | D:3      | Reached XP level 5. HP: 15/28 MP: 7/9
  3228 | D:2      | HP: 1/28 [something (11)]
  3231 | D:2      | Slain by Sigmund

Illustrated notes

Levels and vault maps discovered:
D:1:      dpeg_arrival_stonehenge_8_columns, layout_basic,
          shapermc_ecumenical_altar_mp_vishouse, serial_shops,
          nicolae_shop_overgrown_old_shop
D:2:      layout_loops_ring, serial_shops, nicolae_shop_stone, minmay_tall_x,
          uniq_sigmund
D:3:      layout_rooms, hangedman_abyss_or_decor_lesser_grid, kennysheep_nub,
          grunt_ministairs_2, st_stairs_8, minivault_19, minmay_quantized,
          uniq_terence

Skill      XL: |  1  2  3  4 |
---------------+-------------+-----
Conjurations   | 2 3 |  3.2
Spellcasting   | 3 |  3.2
Fire Magic     | 4 |  4.1
Dodging        | |  1.6
Stealth        | |  2.3

Action                   |  1- 3 |  4- 6 || total
-------------------------+-------+-------++-------
Melee: Halberd           |   112 |    10 ||   122
       Dagger            |       |    89 ||    89
 Cast: Foxfire           |     8 |     7 ||    15
  Use: Potion            |       |     1 ||     1
 Stab: Sleeping          |     8 |       ||     8
Armor: Robe              |    36 |    34 ||    70
Dodge: Dodged            |    95 |    78 ||   173
